[Event "European Corporate Championship 2022"]
[Site "Rotterdam"]
[Date "2022.06.19"]
[Round "7.1"]
[White "Warmerdam, Max"]
[Black "Van Wely, Loek"]
[Result "1-0"]
[ECO "B07"]
[WhiteElo "2614"]
[BlackElo "2618"]
[Annotator "TA"]
[PlyCount "127"]
[EventDate "2022.06.18"]
[EventType "team-tourn"]
[EventCountry "NED"]
[SourceTitle "playchess.com"]
[Source "ChessBase"]
[SourceQuality "1"]
[TimeControl "900+5"]

1. e4 d6 2. d4 Nf6 3. Bd3 e5 4. c3 d5 5. dxe5 dxe4 6. Bb5+ {[%emt 0:01:00] B07: Pirc Defence: Miscellaneous Systems.} c6 {[%emt 0:00:03] [#] ...Qxd1+ is the strong threat.} 7. Qxd8+ Kxd8 8. exf6 {[%emt 0:00:20] White is slightly better.} cxb5 9. Bg5 Kc7 10. Nd2 Bf5 11. Ne2 {[%emt 0:00:21] [#]} Nc6 $146 ({Predecessor:} 11... Nd7 12. Nd4 Bg6 13. Nxb5+ Kb6 14. fxg7 Bxg7 15. a4 Nc5 16. Be3 Kc6 17. O-O Rhd8 {1-0 (66) Matlakov,M (2674)-Pakleza,Z (2505) Chess.com INT 2022}) 12. Ng3 Bg6 13. Bf4+ Kb6 14. Ndxe4 {[%emt 0:01:05] White is more active.} Re8 15. f3 gxf6 {[%emt 0:00:00] [#] Threatens to win with ...f5.} 16. O-O-O Re6 17. Rd7 Ne5 18. Rd5 Be7 19. Rhd1 Kc6 {[%emt 0:00:00] Inhibits Nd6.} 20. Ne2 {[%emt 0:03:29] Pair of Knights!} Nc4 {[%emt 0:00:00] Inhibits R5d2.} 21. R5d4 Re8 22. g4 (22. a4 $14) 22... Bc5 $11 23. Nxc5 Rxe2 24. Ne4 {[%emt 0:00:27] The board is on fire.} Bxe4 25. fxe4 R8xe4 26. Rxe4 Rxe4 {[%emt 0:00:00][%mdl 4096] Endgame KRB-KRN} 27. Rf1 (27. Bb8 $11) 27... Kd5 (27... Kd7 $5 ) 28. b3 $1 Nb6 29. Bb8 Ke6 30. h3 Nd5 31. Kd2 a6 32. Rf5 b4 33. c4 Rd4+ 34. Ke2 Nc3+ 35. Ke3 Rd1 36. Ba7 Rh1 37. Rf3 Re1+ (37... Nxa2 $15 38. Bd4 f5) 38. Kd3 Rd1+ 39. Ke3 (39. Kc2 $11 Rh1 40. Bd4) 39... Re1+ ({Black should try} 39... Nxa2 $15 40. Bd4 Nc1 41. Rxf6+ Ke7) 40. Kd3 Rd1+ 41. Kc2 {[%emt 0:00:02] Black must now prevent Re3+.} Rd7 (41... Rh1 $11) 42. a3 ({Better is} 42. Bc5 $16 {Threatening mate with Re3+.} Ne4 43. Bxb4) 42... Ke5 (42... Ne4 $11 {remains equal.}) 43. axb4 Ne4 44. Be3 {[%emt 0:00:03] Against Rd2+} Ng5 $2 {[%emt 0:00:08] A mistake that costs the game.} (44... Kd6 $16 {might work better.} 45. Rf4 Ke5) 45. Rf5+ Ke4 46. Bxg5 fxg5 47. Rxg5 $18 {[%emt 0:00:01] KR-KR} f6 48. Rf5 Rd6 49. Rh5 Rd7 50. b5 axb5 51. Rxb5 Kd4 52. Rf5 Rd6 53. Rh5 Rd7 54. Kb2 b6 (54... Re7 $142 55. Rd5+ Ke4) 55. Rb5 Rd6 56. Rf5 Re6 57. Ka3 Kc3 58. Rf3+ Kc2 59. Kb4 h6 60. Kb5 {[%emt 0:00:04] Strongly threatening b4.} Kd2 61. b4 Ke2 62. Rf5 {[%emt 0:00:03] aiming for c5.} Kd3 63. c5 bxc5 64. bxc5 {[%emt 0:00:01] Weighted Error Value: White=0.15 (very precise) /Black=0.47} 1-0

[Event "European Corporate Championship 2022"]
[Site "Rotterdam"]
[Date "2022.06.19"]
[Round "7.2"]
[White "Lambrechts, Koen"]
[Black "Oudshoorn, Arres"]
[Result "1-0"]
[ECO "B27"]
[WhiteElo "2349"]
[BlackElo "2137"]
[Annotator "TA"]
[PlyCount "70"]
[EventDate "2022.06.18"]
[EventType "team-tourn"]
[EventCountry "NED"]
[SourceTitle "playchess.com"]
[Source "ChessBase"]
[SourceQuality "1"]
[TimeControl "900+5"]

1. e4 c5 2. Nf3 g6 3. Bc4 Nc6 4. O-O Bg7 5. c3 d6 6. h3 Nf6 7. Re1 {[%emt 0:00:02] [#]} O-O {[%emt 0:00:19] B27: Sicilian: 2 Nf3, unusual Black 2nd moves.} (7... Nxe4 $142 $1 8. Bxf7+ (8. Rxe4 d5 $17) 8... Kxf7 9. Rxe4 d5) 8. d3 Na5 9. Bb5 a6 {[%emt 0:00:25] The position is equal.} 10. Ba4 b5 11. Bc2 e5 12. Nbd2 Qc7 13. Nf1 h6 {[%emt 0:00:20] [#]} 14. Bd2 $146 ({Predecessor:} 14. Ne3 Nc6 15. Bd2 Be6 16. Bb3 Qd7 17. Qc1 Kh7 18. c4 Nd4 19. Bd1 Nxf3+ 20. Bxf3 {1-0 (40) Boruchovsky,A (2559)-Dankhazi,A (2300) Budapest 2018}) 14... Be6 15. Rc1 Bxa2 {[%emt 0:01:23] [#]} (15... Nc6 $11 {keeps the balance.}) 16. c4 $1 $16 bxc4 {[%emt 0:00:15] Loses the game.} (16... Nxc4 $16 {might work better.} 17. dxc4 Bxc4) 17. Ra1 $18 cxd3 18. Bxd3 Bb3 19. Bxa5 Bxd1 20. Bxc7 Bxf3 21. gxf3 Rfc8 22. Ba5 ({Weaker is} 22. Bxd6 Rd8 $11) 22... c4 23. Bc2 d5 (23... Nh5 $142 24. Red1 Bf8) 24. exd5 Nxd5 25. Be4 Rc5 (25... Nf4 $142 26. Bxa8 Rxa8) 26. Red1 Rb8 27. Rxd5 Rxd5 28. Bxd5 {[%emt 0:00:03] A strong pair of Bishops.} Rxb2 29. Bc3 Rc2 30. Bd2 c3 31. Be3 Kf8 32. Rxa6 {[%emt 0:00:35] Threatens to win with Ra8+.} f5 33. Rc6 (33. Bc5+ $142 Ke8 34. Ra7 Kd8 35. Bc6 Ra2 36. Bb6+ Kc8 37. Rxa2 Bh8 38. Ra8#) 33... f4 34. Bc5+ Ke8 35. Be4 (35. Rc7 $142 Ra2 36. Bc6+ Kd8 37. Rd7+ Kc8 38. Bb6 Bf6 39. Rf7 Bd8 40. Rf8 Rd2 41. Nxd2 cxd2 42. Rxd8#) 35... Rd2 {[%emt 0:00:51] Weighted Error Value: White=0.09 (flawless) /Black=0.99} 1-0

[Event "European Corporate Championship 2022"]
[Site "Rotterdam"]
[Date "2022.06.19"]
[Round "7.3"]
[White "Lie, Michael"]
[Black "Rietman, Frits"]
[Result "1/2-1/2"]
[ECO "D00"]
[WhiteElo "1798"]
[BlackElo "2237"]
[Annotator "NA RC"]
[PlyCount "72"]
[EventDate "2022.06.18"]
[EventType "team-tourn"]
[EventCountry "NED"]
[SourceTitle "playchess.com"]
[Source "ChessBase"]
[SourceQuality "1"]
[TimeControl "900+5"]

1. d4 d5 2. Bf4 Nf6 3. e3 c6 4. Bd3 Bg4 5. f3 Bh5 6. c4 e6 7. Qb3 Qb6 8. c5 Qxb3 9. axb3 Nfd7 10. b4 Bg6 11. Kd2 Be7 12. Nc3 Bf6 13. Bxb8 Nxb8 14. f4 Bxd3 15. Kxd3 g5 16. g3 Ke7 17. Nf3 gxf4 18. gxf4 Nd7 19. Ra2 b6 20. Rha1 bxc5 21. bxc5 Rhb8 22. Kc2 Rb7 23. Ra6 Nb8 24. R6a4 Nd7 25. Ne1 Rab8 26. Nd3 Rg8 27. Nb4 a5 28. Nxc6+ Kf8 29. Nd1 Rg2+ 30. Kc1 Nxc5 31. dxc5 Bxb2+ 32. Nxb2 Rbxb2 33. Rd4 Rgc2+ 34. Kd1 Rxh2 35. Kc1 Rhc2+ 36. Kd1 Rh2 1/2-1/2

[Event "European Corporate Championship 2022"]
[Site "Rotterdam"]
[Date "2022.06.19"]
[Round "7.5"]
[White "Schelvis, Richard"]
[Black "Barski, Radoslaw"]
[Result "0-1"]
[ECO "E62"]
[WhiteElo "2157"]
[BlackElo "2434"]
[Annotator "TA"]
[PlyCount "42"]
[EventDate "2022.06.18"]
[EventType "team-tourn"]
[EventCountry "NED"]
[SourceTitle "playchess.com"]
[Source "ChessBase"]
[SourceQuality "1"]
[TimeControl "900+5"]

1. d4 Nf6 2. Nf3 g6 3. g3 Bg7 4. Bg2 O-O 5. O-O d6 6. c4 Nc6 7. Nc3 e5 8. dxe5 dxe5 9. Qxd8 Rxd8 10. Bg5 Be6 11. b3 {[%emt 0:00:28] E62: King's Indian: Fianchetto: 6...c6 and Panno Variation (6...Nc6) without ...a6.} h6 12. Bxf6 Bxf6 13. Rad1 {[%emt 0:00:16] The position is equal.} Bg7 14. Nb5 Rdc8 {[%emt 0:00:25] [#]} 15. e3 $146 ({Predecessor:} 15. Ne1 f5 16. Bxc6 bxc6 17. Nc3 Rd8 18. Nc2 Bf8 19. f4 exf4 20. gxf4 Rxd1 21. Rxd1 {0-1 (54) Norowitz,Y (2420)-Theodorou,N (2566) Las Vegas 2021}) 15... a6 16. Nc3 f5 17. Nh4 ({White should try} 17. Bh3 $11) 17... e4 $36 {[%emt 0:00:34][%mdl 2048] White is under pressure.} 18. Nd5 {[%emt 0:01:10] [#] White does not recover from this.} (18. Na4 $1 $15) 18... g5 $1 $19 19. b4 $2 (19. f3) 19... gxh4 {[%emt 0:00:09] Black is winning.} 20. b5 axb5 21. cxb5 Bxd5 {[%emt 0:00:01] Weighted Error Value: White=0.54/Black=0.03 (flawless)} 0-1

[Event "European Corporate Championship 2022"]
[Site "Rotterdam"]
[Date "2022.06.19"]
[Round "7.6"]
[White "Celinski, Kamil"]
[Black "Jap Tjoen San, Linda"]
[Result "1-0"]
[ECO "A36"]
[WhiteElo "1907"]
[BlackElo "2045"]
[Annotator "NA RC"]
[PlyCount "102"]
[EventDate "2022.06.18"]
[EventType "team-tourn"]
[EventCountry "NED"]
[SourceTitle "playchess.com"]
[Source "ChessBase"]
[SourceQuality "1"]
[TimeControl "900+5"]

1. c4 g6 2. e4 Bg7 3. g3 c5 4. Bg2 Nc6 5. Nc3 d6 6. Nge2 f5 7. O-O Nf6 8. d4 cxd4 9. Nxd4 Nxd4 10. Qxd4 O-O 11. Qd3 fxe4 12. Nxe4 Nxe4 13. Bxe4 Qc7 14. Qe2 Kh8 15. Be3 Bd7 16. Rfd1 Rac8 17. Rac1 b6 18. b3 Bf5 19. Bg2 Bd7 20. Bd4 e5 21. Bc3 a5 22. Qd2 Rf6 23. Bxe5 dxe5 24. Qxd7 Qc5 25. Rc2 Rcf8 26. Rf1 Bh6 27. Qd5 Rxf2 28. Qxc5 Rxf1+ 29. Bxf1 bxc5 30. Re2 Re8 31. Bg2 Kg7 32. Bd5 Kf6 33. Rf2+ Kg5 34. h4+ Kg4 35. Kg2 e4 36. Rf7 Be3 37. Bc6 Rd8 38. Bd7+ Rxd7 39. Rxd7 h6 40. Rd6 Kf5 41. Rd5+ Ke6 42. Kf1 Bd4 43. Ke2 Bg1 44. h5 g5 45. a3 Bh2 46. Rxc5 Bxg3 47. Ke3 Bd6 48. Rxa5 g4 49. Kxe4 Kf6 50. Ra6 Ke7 51. Rxd6 Kxd6 1-0

[Event "European Corporate Championship 2022"]
[Site "Rotterdam"]
[Date "2022.06.19"]
[Round "7.7"]
[White "Hol, Camile"]
[Black "Wisniewski, Jacek"]
[Result "1-0"]
[ECO "C55"]
[WhiteElo "2000"]
[BlackElo "1850"]
[Annotator "NA RC"]
[PlyCount "55"]
[EventDate "2022.06.18"]
[EventType "team-tourn"]
[EventCountry "NED"]
[SourceTitle "playchess.com"]
[Source "ChessBase"]
[SourceQuality "1"]
[TimeControl "900+5"]

1. e4 e5 2. Nf3 Nc6 3. Bc4 Nf6 4. d3 h6 5. c3 g6 6. O-O Bg7 7. Re1 O-O 8. Nbd2 a6 9. a4 d5 10. exd5 Nxd5 11. Nf1 Kh7 12. Ne3 Nb6 13. Bb3 f5 14. a5 Nd7 15. Nc4 Nc5 16. Ncxe5 Nxe5 17. Nxe5 Nxb3 18. Qxb3 Re8 19. Qf7 Re6 20. d4 Qd6 21. Bf4 Re7 22. Qb3 c5 23. Nd3 Qd8 24. Rxe7 Qxe7 25. Re1 Qd8 26. Nxc5 Qxa5 27. Qf7 b6 28. Be5 1-0

[Event "European Corporate Championship 2022"]
[Site "Rotterdam"]
[Date "2022.06.19"]
[Round "7.9"]
[White "Haast, Mark"]
[Black "Nijboer, Friso"]
[Result "1/2-1/2"]
[ECO "A10"]
[WhiteElo "2414"]
[BlackElo "2464"]
[Annotator "TA"]
[PlyCount "66"]
[EventDate "2022.06.18"]
[EventType "team-tourn"]
[EventCountry "NED"]
[SourceTitle "playchess.com"]
[Source "ChessBase"]
[SourceQuality "1"]
[TimeControl "900+5"]

1. e4 c5 2. c4 Nc6 3. Nc3 g6 4. g3 Bg7 5. Bg2 d6 6. Nge2 f5 7. d3 Nf6 8. O-O O-O 9. h3 {[%emt 0:00:40] A10: English Opening: Unusual Replies for Black.} fxe4 10. dxe4 e5 11. Nd5 Nxd5 12. cxd5 Nd4 13. Nxd4 cxd4 {[%emt 0:00:01] [#]} (13... exd4 $15 {might be stronger.} 14. Re1 b5) 14. Qb3 $146 ({Predecessor:} 14. Bd2 Bd7 15. Qb3 b5 16. Rac1 a5 17. a3 Qb6 18. Kh2 Rf7 19. f3 Raf8 20. h4 {1-0 (34) Pribyl,J (2420)-Grafl,F (2351) Germany 2003}) 14... b6 15. Bd2 Ba6 16. Rfc1 Qf6 17. f3 {[%emt 0:01:51] Active counter play!} Be2 18. Rc6 Rad8 (18... Bxf3 $2 19. Rf1 $18) 19. Qa3 (19. Re1 {feels hotter.} d3 20. Rxe2 dxe2 21. Kf2) 19... Rf7 (19... Bxf3 $2 20. Rf1 $18) 20. Rac1 h6 (20... Bxf3 $2 21. Rf1 $18) (20... g5 $11 {keeps the balance.}) 21. Rc7 $16 a6 22. R7c6 (22. Rxf7 $16 Qxf7 23. Rc6) 22... Rb7 (22... Bxf3 $2 23. Rf1 $18) (22... Qe7 $14) 23. Re1 (23. h4 $16) 23... Bb5 $11 24. Rc2 Kh7 25. Bf1 Bxf1 26. Rxf1 a5 27. Rc6 h5 28. Qb3 Bh6 29. Bxh6 ({White should try} 29. Bxa5 $1 $14 h4 30. g4 $1 (30. Bxb6 Be3+ 31. Kh1 Rdb8 $17) (30. Rxb6 Rxb6 31. Qxb6 Rd7 $14)) 29... Kxh6 30. Rxb6 $2 {[%emt 0:00:58] [#]} (30. f4 $11) 30... Rxb6 (30... a4 $1 $19 31. Qb5 Rxb6 32. Qxb6 Qg5) 31. Qxb6 Qg5 32. g4 {[%emt 0:00:08] [#]} (32. Kg2 $1 $11 {and White stays safe.} Rc8 33. Qb3 (33. Qxa5 h4 $17)) 32... Qf4 $4 33. Qxd8 $18 Qg3+ {[%emt 0:00:09][%mdl 32768] Weighted Error Value: White=0.40/Black=0.37. An unexpected result.} 1/2-1/2

[Event "European Corporate Championship 2022"]
[Site "Rotterdam"]
[Date "2022.06.19"]
[Round "7.10"]
[White "De Vreugt, Dennis"]
[Black "Schouten, Jordy"]
[Result "1-0"]
[ECO "B51"]
[WhiteElo "2393"]
[BlackElo "2121"]
[Annotator "TA"]
[PlyCount "81"]
[EventDate "2022.06.18"]
[EventType "team-tourn"]
[EventCountry "NED"]
[SourceTitle "playchess.com"]
[Source "ChessBase"]
[SourceQuality "1"]
[TimeControl "900+5"]

1. e4 c5 2. Nf3 d6 3. Bb5+ Nc6 4. d4 cxd4 5. Nxd4 Bd7 6. O-O Nf6 7. Re1 {[%emt 0:00:11] B51: Sicilian: Moscow Variation (3 Bb5+) without 3...Bd7.} e5 8. Nxc6 Bxc6 {[%emt 0:00:39] [#]} 9. c4 $146 {[%emt 0:00:46] White is slightly better.} ({Predecessor:} 9. Bxc6+ bxc6 10. c4 Be7 11. Bg5 O-O 12. Nc3 Re8 13. Bxf6 Bxf6 14. Qd3 Qd7 15. Red1 {1-0 (62) Baker,J-Ramirez,L Dallas 1998}) 9... Be7 10. Bg5 O-O 11. Bxf6 Bxf6 12. Nc3 a6 13. Bxc6 bxc6 14. b4 Rb8 15. Rb1 Bg5 16. Qe2 Qc7 17. Red1 Rfd8 18. Rb3 g6 19. g3 Bh6 20. a4 Bf8 21. b5 axb5 22. cxb5 Qa5 (22... d5 $142) 23. Qc4 cxb5 (23... Rdc8 $16) 24. Rxb5 $18 (24. Nxb5 Rdc8 25. Qe2 (25. Qb4 Qxb4 26. Rxb4 d5 $17) 25... Qxa4 $15) 24... Rxb5 25. axb5 (25. Nxb5 Ra8 $14) 25... Rb8 26. Rb1 Be7 27. Nd5 Bd8 28. Rb3 {[%emt 0:00:01] aiming for Kg2.} Kg7 29. Kg2 {[%emt 0:00:08] Threatens to win with Qc6.} Bb6 (29... Qa2 $16 {might work better.} 30. Qb4 Bb6) 30. Rf3 Bc5 {[%emt 0:00:15] [#]} 31. Ne7 (31. Nf6 $1 $18 {[%cal Rf6h5] Intending Nh5+! and mate.} Qd8 {[#]} 32. Nxh7 $1 (32. Ng4 Qd7 $16)) 31... Rf8 $16 (31... f5 $2 32. exf5 Rf8 33. f6+ Kh8 34. Qh4 $18) 32. Nc6 Qb6 33. h4 $36 {[%emt 0:00:15][%cal Bh2h4,Bh4h5][%mdl 2080] White has good play. 0x0.001763577da9dp-1022s more active pieces.} Qb7 ({Better is} 33... h5 $1 $14) 34. h5 Qd7 (34... gxh5 {is a better defense.} 35. Nxe5 (35. Rf5 h4 $14) 35... dxe5) 35. Nxe5 $18 Qe7 $2 (35... dxe5 36. Qxc5 Re8) 36. Nd3 (36. h6+ $142 Kg8 37. Ng4) 36... Bb6 (36... f6 $142 37. Nf4 Re8) 37. Qc3+ {[%emt 0:00:04] White is clearly winning.} f6 38. Qc6 Bd4 39. Nf4 Qe5 (39... Re8 $142 40. b6 Qxe4 41. Qxe4 (41. Qxd6 g5 $16) 41... Rxe4) 40. Qd7+ Rf7 41. Ne6+ {[%emt 0:00:05] Weighted Error Value: White=0.24 (precise) /Black=0.29 (precise)} 1-0

[Event "European Corporate Championship 2022"]
[Site "Rotterdam"]
[Date "2022.06.19"]
[Round "7.11"]
[White "IJzermans, Cees"]
[Black "Jonkman, Harmen"]
[Result "0-1"]
[ECO "A06"]
[WhiteElo "2115"]
[BlackElo "2384"]
[Annotator "TA"]
[PlyCount "80"]
[EventDate "2022.06.18"]
[EventType "team-tourn"]
[EventCountry "NED"]
[SourceTitle "playchess.com"]
[Source "ChessBase"]
[SourceQuality "1"]
[TimeControl "900+5"]

1. Nf3 d5 2. b3 Bg4 3. Bb2 Nd7 4. d4 e6 5. Nbd2 Ngf6 6. e3 {[%emt 0:00:03] A06: Réti Opening: 1 Nf3 d5.} Bd6 7. h3 Bh5 8. Be2 {[%emt 0:00:25] The position is equal.} O-O {[%emt 0:00:08] [#]} 9. a3 $146 ({Predecessor:} 9. O-O c6 10. c4 Qe7 11. Ne5 Bxe2 12. Qxe2 Rad8 13. Rad1 Bb4 14. Nxd7 Rxd7 15. Qd3 h6 16. Bc3 Bxc3 17. Qxc3 c5 18. Nf3 Rc8 19. cxd5 Nxd5 {½-½ (30) Drazic,S (2421)-Jovanic,O (2520) Nova Gorica 2014}) 9... c5 10. O-O cxd4 11. exd4 Rc8 12. c4 b6 (12... Ne4 {feels hotter.} 13. c5 Bf4 14. b4 f5) 13. Ne5 Bxe2 14. Qxe2 Qc7 15. Rac1 {[%emt 0:00:45][%cal Oe5f7] Threatens to win with Nxf7!} Qb7 16. f4 g6 17. Qf3 Rc7 18. Nxd7 Nxd7 19. cxd5 {[%emt 0:00:28] Black must now prevent Nc4.} (19. g4 $5 ) 19... Qxd5 20. Ne4 Rfc8 21. Rxc7 Rxc7 22. Nxd6 Qxd6 23. Qa8+ (23. d5 $15) 23... Qf8 $17 24. Qe4 {[%emt 0:00:17] [#]} Nf6 $1 {[%emt 0:01:34] Against d5} 25. Qe5 Nd5 26. f5 (26. Rf2 $142) 26... gxf5 27. Rf3 {[%emt 0:00:02] Rg3+ would kill now.} f4 {[%emt 0:00:07] Inhibits Rg3+.} ({Black should play} 27... h5 $17 {aiming for ...Qh6.} 28. Rg3+ Kh7) 28. Qg5+ (28. Rxf4 $11 Nxf4 29. Qxc7) 28... Qg7 (28... Kh8 $5 29. Rxf4 f6 $15) 29. Qd8+ Qf8 30. Qg5+ Kh8 31. Rxf4 Rc2 (31... f6 $15 32. Rf2 Qf7) 32. Rf2 $11 Qc8 {[%emt 0:00:26][%mdl 8192] [#]} (32... f6 $11 33. Qg4 Rc6) 33. Qe5+ $2 $40 {[%emt 0:01:15][%mdl 128] White attacks.} ({White has to play} 33. Rxf7 $1 $18 Rxg2+ 34. Qxg2) 33... f6 34. Rxf6 Nxf6 35. Qxf6+ {[%emt 0:00:03][%mdl 4096] Endgame KQR-KQB} Kg8 36. d5 Rxb2 $1 37. Qxb2 Qc5+ 38. Kh2 exd5 39. Qf6 d4 40. h4 Qd5 {[%emt 0:00:37][%mdl 32768] What a bad dream for Black.  Weighted Error Value: White=0.32/Black=0.15 (very precise) . Loss on time!?} 0-1

[Event "European Corporate Championship 2022"]
[Site "Rotterdam"]
[Date "2022.06.19"]
[Round "7.12"]
[White "Duivenvoorde, Cees"]
[Black "Van den Broek, Rene"]
[Result "0-1"]
[ECO "B00"]
[WhiteElo "2020"]
[BlackElo "1980"]
[Annotator "NA RC"]
[PlyCount "44"]
[EventDate "2022.06.18"]
[EventType "team-tourn"]
[EventCountry "NED"]
[SourceTitle "playchess.com"]
[Source "ChessBase"]
[SourceQuality "1"]
[TimeControl "900+5"]

1. e4 Nc6 2. c3 Nf6 3. d3 e5 4. f4 d5 5. fxe5 Nxe5 6. exd5 Qxd5 7. h3 Bf5 8. c4 Nxd3+ 9. Bxd3 Qxd3 10. Qxd3 Bxd3 11. b3 O-O-O 12. a3 Bd6 13. Nf3 Bg3+ 14. Kd1 Bxb1+ 15. Bd2 Be4 16. Kc1 Rd3 17. Kb2 Bxf3 18. gxf3 Rxd2+ 19. Kc3 Rhd8 20. Rhg1 a5 21. c5 Be5+ 22. Kc4 Bxa1 0-1

[Event "European Corporate Championship 2022"]
[Site "Rotterdam"]
[Date "2022.06.19"]
[Round "7.13"]
[White "Pardo Simon, David"]
[Black "Kanyamarala, Tarun"]
[Result "0-1"]
[ECO "A88"]
[WhiteElo "2461"]
[BlackElo "2388"]
[Annotator "TA"]
[PlyCount "97"]
[EventDate "2022.06.18"]
[EventType "team-tourn"]
[EventCountry "NED"]
[SourceTitle "playchess.com"]
[Source "ChessBase"]
[SourceQuality "1"]
[TimeControl "900+5"]

1. Nf3 f5 2. d4 Nf6 3. g3 g6 4. Bg2 Bg7 5. O-O O-O 6. c4 d6 7. Nc3 c6 8. b3 Qc7 {[%emt 0:00:14] Recently 8...Qa5 got a lot of attention.} 9. Bb2 {[%emt 0:00:36] A88: Dutch Defence: Leningrad System: 5 Nf3 0-0 6 0-0 d6 7 Nc3 c6.} e5 10. dxe5 dxe5 11. e4 {[%emt 0:00:01] The position is equal.} f4 12. Qc2 (12. Na4 $5 ) 12... Nh5 {[%emt 0:00:54] [#]} 13. Ba3 $146 ({Predecessor:} 13. c5 Bg4 14. h3 Bxf3 15. Bxf3 fxg3 16. Bxh5 gxf2+ 17. Rxf2 Rxf2 18. Qxf2 gxh5 19. Ne2 {0-1 (28) Papahristoudis,A (2066)-Klip,H (2351) Aghios Kirykos 2009}) 13... Re8 14. Rad1 Na6 15. Bd6 Qf7 16. Na4 Bg4 17. h3 Bxf3 18. Bxf3 g5 (18... fxg3 $11 19. Bxh5 g2 20. Kxg2 gxh5) 19. Bg4 {[%emt 0:00:37] A strong pair of Bishops.} Rad8 20. c5 Bf8 {[%emt 0:00:44] [#]} (20... Nf6 $16) 21. Bxf8 ({White should play} 21. Be2 $1 $18 ) 21... Kxf8 22. Qc3 (22. Rd6 $16) 22... Rxd1 $11 23. Rxd1 ({Much weaker is} 23. Bxd1 Nf6 $17) 23... Nf6 {[%emt 0:00:03] Prevents Rd7.} 24. Bf5 Nc7 25. Nb2 Nb5 26. Qc4 (26. Qd3 {is interesting.} Qe7 27. h4 fxg3 28. hxg5 gxf2+ 29. Kxf2 Nh5 30. Qe3) 26... Nd4 (26... Qe7 $15) 27. Qxf7+ Kxf7 28. Nc4 Re7 {[%emt 0:00:08] [#]} 29. Nxe5+ $1 Rxe5 30. Rxd4 {[%emt 0:00:00] Threatens to win with gxf4.} fxg3 $14 {[%emt 0:00:23][%mdl 4096] Endgame KRB-KRN} 31. b4 gxf2+ 32. Kxf2 Re8 33. Kf3 h6 34. a4 a6 35. Rd6 Ke7 $2 {[%emt 0:00:19][%mdl 8192] Black cannot hold the game after this.} (35... h5 $14) 36. Re6+ $18 Kf7 37. Rxe8 Nxe8 {[%emt 0:01:25] KB-KN} 38. Bc8 Ke7 39. Bxb7 Kd7 40. Bxa6 Ng7 41. Bc4 {[%emt 0:00:09] Hoping for b5.} Nh5 42. b5 cxb5 43. axb5 Kc7 44. b6+ Kb7 45. Bd5+ Kb8 46. c6 {[%emt 0:00:02][%cal Bc5c6,Bc6c7][%mdl 32] White mates.} Nf6 47. c7+ Kc8 48. Be6+ Nd7 49. Kg4 {[%emt 0:00:06][%mdl 32768] Weighted Error Value: White=0.21 (precise) /Black=0.63. Sensor Board Error (Ke4/e5)?} 0-1

[Event "European Corporate Championship 2022"]
[Site "Rotterdam"]
[Date "2022.06.19"]
[Round "7.14"]
[White "Flynn, Jacob"]
[Black "Jain Aum"]
[Result "1-0"]
[ECO "E01"]
[WhiteElo "2205"]
[BlackElo "1591"]
[Annotator "NA RC"]
[PlyCount "87"]
[EventDate "2022.06.18"]
[EventType "team-tourn"]
[EventCountry "NED"]
[SourceTitle "playchess.com"]
[Source "ChessBase"]
[SourceQuality "1"]
[TimeControl "900+5"]

1. d4 e6 2. Nf3 d5 3. g3 Bd6 4. Bg2 Nd7 5. c4 c6 6. O-O Ngf6 7. Qc2 O-O 8. Nbd2 Re8 9. e4 dxe4 10. Nxe4 Nxe4 11. Qxe4 e5 12. d5 Nf6 13. Qc2 cxd5 14. cxd5 Bg4 15. Qb3 Qd7 16. Be3 a6 17. Nd2 Rac8 18. Nc4 Bc5 19. Nb6 Bxb6 20. Bxb6 Bh3 21. Rfd1 Bxg2 22. Kxg2 Ne4 23. Re1 Nd6 24. a4 e4 25. Re2 f5 26. Be3 h6 27. h4 Kh7 28. Rd1 Rc4 29. Bf4 Rec8 30. Bxd6 Qxd6 31. Qxb7 f4 32. Kh2 fxg3+ 33. fxg3 Rc2 34. Rdd2 Rxd2 35. Rxd2 Rf8 36. Qc6 Qe5 37. Qe6 Qxe6 38. dxe6 Rf6 39. Rd6 Rf8 40. e7 Re8 41. Re6 Kg8 42. Rxe4 Kf7 43. Kg2 Rxe7 44. Rxe7+ 1-0

[Event "European Corporate Championship 2022"]
[Site "Rotterdam"]
[Date "2022.06.19"]
[Round "7.15"]
[White "Maral Pranav"]
[Black "Melaugh, Shane"]
[Result "0-1"]
[ECO "A85"]
[WhiteElo "1329"]
[BlackElo "2087"]
[Annotator "NA RC"]
[PlyCount "66"]
[EventDate "2022.06.18"]
[EventType "team-tourn"]
[EventCountry "NED"]
[SourceTitle "playchess.com"]
[Source "ChessBase"]
[SourceQuality "1"]
[TimeControl "900+5"]

1. d4 e6 2. c4 f5 3. Nc3 Nf6 4. e3 Bb4 5. a3 Bxc3+ 6. bxc3 O-O 7. Nf3 d6 8. a4 Nc6 9. Ba3 Re8 10. Be2 e5 11. O-O f4 12. exf4 exf4 13. Re1 Qd7 14. Qb3 Qf7 15. Bd3 Bg4 16. Nd2 f3 17. g3 b6 18. Ne4 Nxe4 19. Bxe4 Na5 20. Qb5 Rad8 21. Rab1 Be6 22. Bd5 Bxd5 23. cxd5 h5 24. Rbd1 a6 25. Qd3 Qxd5 26. Bc1 Nc4 27. h4 b5 28. axb5 axb5 29. Qb1 Re2 30. Rxe2 fxe2 31. Re1 Re8 32. Qd3 Ne5 33. Qc2 Nf3+ 0-1

[Event "European Corporate Championship 2022"]
[Site "Rotterdam"]
[Date "2022.06.19"]
[Round "7.16"]
[White "Dayanand Kanyamarala"]
[Black "Pedersen, Christopher R.N.H."]
[Result "0-1"]
[ECO "A16"]
[WhiteElo "1142"]
[BlackElo "2118"]
[Annotator "NA RC"]
[PlyCount "75"]
[EventDate "2022.06.18"]
[EventType "team-tourn"]
[EventCountry "NED"]
[SourceTitle "playchess.com"]
[Source "ChessBase"]
[SourceQuality "1"]
[TimeControl "900+5"]

1. c4 e5 2. Nc3 Nf6 3. e4 b6 4. d3 Bb7 5. g3 Bb4 6. Nge2 Nc6 7. Bg2 Nd4 8. O-O Nxe2+ 9. Qxe2 Bxc3 10. bxc3 h6 11. Be3 O-O 12. Rab1 d6 13. f4 exf4 14. Rxf4 c6 15. d4 d5 16. e5 Ne4 17. Bxe4 dxe4 18. c5 Rc8 19. Rxe4 b5 20. Qg4 Kh8 21. Rf1 Qa5 22. Qh5 Rc7 23. Ref4 Qxa2 24. Rxf7 Rcxf7 25. Rxf7 Qxf7 26. Qh3 Bc8 27. Qg2 Be6 28. Bf4 g5 29. Be3 Qf3 30. Qxf3 Rxf3 31. Bf2 Rxc3 32. Kg2 Kg7 33. Kf1 Kg6 34. Ke2 Kf5 35. Be1 Rc2+ 36. Kd1 Rxh2 37. Kc1 h5 38. Kd1 0-1